[Event "Titled Tuesday Blitz May 23 Late 2023"]
[White "Makarian, Rudik"]
[Black "Dimitrov, Atanas"]
[WhiteFideId "44105681"]
[BlackFideId "2901315"]
[WhiteElo "2461"]
[BlackElo "2709"]
[Result "1-0"]
[Round "06"]
[TimeControl "180+2"]
[Date "2023.05.23"]
[WhiteClock "0:00:20"]
[BlackClock "0:00:10"]

1. d4 Nf6 2. c4 g6 3. Nc3 d5 4. Bf4 Bg7 5. e3 O-O 6. Rc1 c6 7. Nf3 dxc4 8. Bxc4 Nbd7 9. O-O Nb6 10. Bb3 Nbd5 11. Ne5 Nxf4 12. exf4 e6 13. g3 Nd5 14. Qf3 Qb6 15. Rfd1 Rd8 16. Ne4 f6 17. Nc4 Qc7 18. h4 h5 19. Bc2 e5 20. fxe5 Bg4 21. Qb3 Bxd1 22. Rxd1 fxe5 23. Ng5 b5 24. Nxe5 Bxe5 25. dxe5 Qxe5 26. Bxg6 Rf8 27. Bxh5 Rad8 28. Qc2 Qf5 29. Qe2 Rd6 30. Bg4 Qf6 31. Ne4 Qe5 32. Nxd6 Qxd6 33. Qe6+ Qxe6 34. Bxe6+ 1-0


[Site "https://www.chess.com"]

[Event "Titled Tuesday Blitz May 23 Late 2023"]
[White "Morefield, Jason"]
[Black "Ibarra Jerez, Jose Carlos"]
[WhiteFideId "30920825"]
[BlackFideId "2226332"]
[WhiteElo "2171"]
[BlackElo "2638"]
[Result "0-1"]
[Round "06"]
[TimeControl "180+2"]
[Date "2023.05.23"]
[WhiteClock "0:00:04"]
[BlackClock "0:00:07"]

1. e4 c5 2. Nf3 e6 3. d4 cxd4 4. Nxd4 Bc5 5. Nb3 Bb6 6. Nc3 Ne7 7. Qe2 O-O 8. Be3 f5 9. O-O-O f4 10. Bxb6 Qxb6 11. e5 Nbc6 12. Nb5 Ng6 13. Rd6 Ngxe5 14. c4 a6 15. Nc3 Qc7 16. Qd2 Nf7 17. Rd3 Nfe5 18. Rh3 b5 19. cxb5 axb5 20. Nxb5 Qb6 21. Kb1 d5 22. Qc2 Ng6 23. Qc5 Qxc5 24. Nxc5 e5 25. Rc3 Bf5+ 26. Ka1 d4 27. Bc4+ Kh8 28. Ra3 Nb4 29. Bb3 Rac8 30. Rc1 Nd3 31. Nxd3 Bxd3 32. Nc7 Be2 33. Be6 d3 34. Bxc8 d2 35. Rb1 Rxc8 36. Nd5 d1=Q 37. Rxd1 Bxd1 38. Nc3 Bg4 39. f3 Bf5 40. b4 Kg8 41. Kb2 Kf7 42. Ra7+ Kf6 43. a4 Ne7 44. b5 Rc4 45. Kb3 Be6 46. Kb2 Rb4+ 47. Kc2 Nd5 48. Ne4+ Kg6 49. Ra6 Kf5 50. Nd6+ Kf6 51. Ne4+ Ke7 52. Ng5 Bf5+ 53. Kd2 Rb2+ 54. Kc1 Rc2+ 55. Kd1 Ne3+ 56. Ke1 Bd3 57. Ra7+ Kf6 58. Ne4+ Bxe4 59. fxe4 Rb2 60. Rb7 Nxg2+ 61. Kd1 Ne3+ 62. Kc1 Rb4 63. a5 f3 64. Rb8 Kf7 65. Rb7+ Kg6 66. Rb6+ Kg5 67. Kd2 f2 68. Kxe3 f1=Q 69. Rc6 Rb3+ 70. Kd2 Qf2+ 71. Kc1 Qb2+ 72. Kd1 Rd3+ 73. Ke1 Re3+ 74. Kd1 Qe2+ 75. Kc1 Qf1+ 76. Kb2 Qxb5+ 0-1


[Site "https://www.chess.com"]

[Event "Titled Tuesday Blitz May 23 Late 2023"]
[White "Timmermans, Mark"]
[Black "Keymer, Vincent"]
[WhiteFideId "1026399"]
[BlackFideId "12940690"]
[WhiteElo "2460"]
[BlackElo "2669"]
[Result "1-0"]
[Round "06"]
[TimeControl "180+2"]
[Date "2023.05.23"]
[WhiteClock "0:00:34"]
[BlackClock "0:00:01"]

1. b4 Nf6 2. Bb2 c6 3. c4 d5 4. e3 Bg4 5. Nf3 e6 6. b5 Nbd7 7. Be2 Bd6 8. a4 O-O 9. O-O e5 10. d4 e4 11. Ne5 Bxe2 12. Qxe2 Rc8 13. Nd2 Re8 14. bxc6 bxc6 15. Nxd7 Qxd7 16. cxd5 cxd5 17. Rfc1 h5 18. Nf1 Rxc1 19. Rxc1 Qxa4 20. Ra1 Qd7 21. Qa6 Bb8 22. Ba3 Re6 23. Qe2 h4 24. h3 Bc7 25. Bb4 Bb6 26. Bc5 g6 27. Bxb6 axb6 28. Ra8+ Kg7 29. Qb2 Qb7 30. Qa3 Qe7 31. Qxe7 Rxe7 32. Rb8 Re6 33. Nd2 Rc6 34. Kf1 g5 35. Ke2 Kg6 36. f3 exf3+ 37. Nxf3 Rc2+ 38. Kd3 Rxg2 39. Rxb6 Kf5 40. Rd6 Rf2 41. Ne5 Rh2 42. Rxf6+ Kxf6 43. Ng4+ Kg6 44. Nxh2 f5 45. Ke2 Kh6 46. Kf2 Kg6 47. Nf3 Kf6 48. Ne5 Ke6 49. Kf3 Kf6 50. Nd3 Ke6 51. Nb4 Kd6 52. Kf2 Ke6 53. Nc2 Kd6 54. Na3 Ke6 55. Nb5 Kd7 56. Kf3 Kc6 57. Nc3 Kd6 58. Kf2 Ke6 59. Kg2 Kd6 60. Ne2 Ke6 61. Ng1 Kf6 62. Nf3 Kg6 63. Kf2 Kf6 64. Ke2 Kg6 65. Kd3 Kh5 66. Kc3 g4 67. Ng1 gxh3 68. Nxh3 Kg4 69. Nf4 Kf3 70. Kd3 Kg3 71. Ke2 h3 72. Nxh3 Kxh3 73. Kf3 Kh2 74. Kf4 1-0


[Site "https://www.chess.com"]

[Event "Titled Tuesday Blitz May 23 Late 2023"]
[White "Cordova, Emilio"]
[Black "Sun, Rick"]
[WhiteFideId "3801497"]
[BlackFideId "30909481"]
[WhiteElo "2607"]
[BlackElo "2169"]
[Result "1-0"]
[Round "06"]
[TimeControl "180+2"]
[Date "2023.05.23"]
[WhiteClock "0:00:31"]
[BlackClock "0:00:00"]

1. d4 d6 2. c4 Nf6 3. Nc3 g6 4. Nf3 Bg7 5. g3 O-O 6. Bg2 Nc6 7. O-O a6 8. h3 Rb8 9. Be3 b5 10. Nd2 Bd7 11. Rc1 e5 12. dxe5 Nxe5 13. b3 bxc4 14. bxc4 Re8 15. Nd5 c6 16. Nxf6+ Bxf6 17. Ne4 Rb2 18. Qxd6 Re6 19. Qd1 Rxa2 20. Bf4 Be7 21. c5 f5 22. Nd6 g5 23. Be3 f4 24. gxf4 gxf4 25. Bxf4 Ng6 26. Bg3 Rexe2 27. Re1 Rxe1+ 28. Qxe1 Bg5 29. Rb1 Qf8 30. Qc3 1-0


[Site "https://www.chess.com"]

[Event "Titled Tuesday Blitz May 23 Late 2023"]
[White "Rustemov, Alexander"]
[Black "Krallis, Christos"]
[WhiteFideId "4119002"]
[BlackFideId "4298896"]
[WhiteElo "2857"]
[BlackElo "2243"]
[Result "1-0"]
[Round "06"]
[TimeControl "180+2"]
[Date "2023.05.23"]
[WhiteClock "0:00:08"]
[BlackClock "0:00:07"]

1. d4 Nf6 2. c4 e6 3. Nf3 d5 4. Nc3 Be7 5. Bg5 O-O 6. e3 h6 7. Bxf6 Bxf6 8. Rc1 c6 9. Bd3 Nd7 10. O-O dxc4 11. Bxc4 e5 12. h3 exd4 13. exd4 Nb6 14. Bb3 Bf5 15. Re1 Qd7 16. Ne5 Bxe5 17. dxe5 Rad8 18. g4 Be6 19. f4 Qe7 20. Qf3 Bxb3 21. axb3 Qb4 22. Ne4 Qd4+ 23. Qe3 Qxb2 24. Re2 Qd4 25. Nd6 Qxe3+ 26. Rxe3 Nd5 27. Re4 Rd7 28. Rce1 Nc3 29. R4e3 Nd5 30. Re4 Nc3 31. Rb4 Nd5 32. Rd4 Rfd8 33. Kf2 g5 34. f5 f6 35. Nc4 fxe5 36. Nxe5 Re7 37. Rde4 Nf4 38. Kg3 Kg7 39. h4 Rd2 40. hxg5 hxg5 41. R1e3 a5 42. Nc4 Rxe4 43. Rxe4 Rd3+ 44. Kf2 Rxb3 45. Nxa5 Rb2+ 46. Kf3 Nd5 47. Re6 Ra2 48. Nc4 Ra4 49. Nd6 Ra3+ 50. Kf2 Ra2+ 51. Ke1 Ra1+ 52. Kd2 Rg1 53. Rg6+ Kf8 54. f6 Rf1 55. f7 Rxf7 56. Nxf7 Kxf7 57. Rxg5 Nf6 58. Ke3 b5 59. Kf4 Ke6 60. Rg6 Kf7 61. Kf5 Nd5 62. Rh6 b4 63. Rh7+ Ke8 64. Rb7 Kd8 65. g5 Kc8 66. Ra7 Kb8 67. Ra1 Kb7 68. Ke5 Kb6 69. g6 Kb5 70. g7 Ne7 71. Ra7 Ng8 72. Ra8 Nh6 73. Rh8 Nf7+ 74. Kf6 Nxh8 75. gxh8=Q Kc4 76. Ke5 c5 77. Qh4+ Kd3 78. Qg3+ Kc2 79. Kd5 b3 80. Kc4 b2 81. Qf2+ Kc1 82. Qe1+ Kc2 83. Qc3+ Kb1 84. Kb3 c4+ 85. Qxc4 Ka1 86. Qa4+ Kb1 1-0


[Site "https://www.chess.com"]

[Event "Titled Tuesday Blitz May 23 Late 2023"]
[White "Maksimovic, Bojan"]
[Black "Iliaguev, Nisim"]
[WhiteFideId "14408120"]
[BlackFideId "2817276"]
[WhiteElo "2468"]
[BlackElo "2241"]
[Result "0-1"]
[Round "06"]
[TimeControl "180+2"]
[Date "2023.05.23"]
[WhiteClock "0:00:00"]
[BlackClock "0:01:55"]

1. Nf3 g6 2. g3 Bg7 3. Bg2 d5 4. O-O Nf6 5. d3 O-O 6. Nbd2 b6 7. Re1 Bb7 8. c3 c5 9. Qc2 Nc6 10. e4 Rc8 11. e5 Ng4 12. e6 f5 13. h3 Nge5 14. Nxe5 Nxe5 15. Nf1 Ba6 16. c4 dxc4 17. dxc4 Qd3 18. Qxd3 Nxd3 19. Rd1 Bxc4 20. Ne3 Ba6 21. Nd5 Rfe8 22. Rb1 Kf8 23. b3 c4 24. Bf1 c3 25. Ne3 Nb4 26. Bxa6 Nxa6 27. Nc2 Nc5 28. Re1 Red8 29. Bg5 Ne4 30. Bf4 Rd2 31. Rbc1 Nxf2 32. Nb4 Nxh3+ 33. Kh1 Nxf4 34. gxf4 c2 35. Na6 Bb2 0-1


[Site "https://www.chess.com"]

[Event "Titled Tuesday Blitz May 23 Late 2023"]
[White "Hambleton, Aman"]
[Black "Schnaider, Ilan"]
[WhiteFideId "2606577"]
[BlackFideId "169013"]
[WhiteElo "2511"]
[BlackElo "2224"]
[Result "1/2-1/2"]
[Round "06"]
[TimeControl "180+2"]
[Date "2023.05.23"]
[WhiteClock "0:00:06"]
[BlackClock "0:00:09"]

1. c4 Nf6 2. Nc3 g6 3. e4 e5 4. Nf3 Bg7 5. Be2 Nc6 6. O-O O-O 7. d3 d6 8. h3 h6 9. Nd5 Nd4 10. Nxd4 exd4 11. Nxf6+ Qxf6 12. Bg4 Kh7 13. f4 c6 14. Bd2 Bxg4 15. Qxg4 Rad8 16. Rae1 h5 17. Qf3 Bh6 18. g4 Qe7 19. gxh5 Rg8 20. Kh2 Qh4 21. hxg6+ Rxg6 22. Rg1 Rdg8 23. Rxg6 Rxg6 24. Rg1 Rxg1 25. Kxg1 Qf6 26. Kg2 b5 27. b3 a6 28. Qg4 Bg7 29. Kf3 Qe7 30. Qf5+ Kg8 31. Qc8+ Kh7 32. Qxc6 Qh4 33. Kg2 Qh5 34. Kg3 Bf6 35. Qc8 Bh4+ 36. Kh2 Qe2+ 37. Kh1 Qxd2 38. Qf5+ Kh6 39. Qg4 Qe1+ 40. Kg2 Qf2+ 41. Kh1 Bg3 42. Qg5+ Kh7 43. Qh5+ Kg7 44. Qg5+ Kh8 45. Qh6+ Kg8 46. Qg5+ Kf8 47. Qd8+ Kg7 48. Qg5+ Kh7 49. Qh5+ Kg8 50. Qg5+ Kh8 51. Qh5+ Kg7 52. Qg5+ 1/2-1/2


[Site "https://www.chess.com"]

[Event "Titled Tuesday Blitz May 23 Late 2023"]
[White "Adla, Diego"]
[Black "Bryakin, Mikhail"]
[WhiteFideId "100072"]
[BlackFideId "4165314"]
[WhiteElo "2377"]
[BlackElo "2467"]
[Result "1/2-1/2"]
[Round "06"]
[TimeControl "180+2"]
[Date "2023.05.23"]
[WhiteClock "0:00:03"]
[BlackClock "0:00:10"]

1. c4 c5 2. Nf3 Nf6 3. Nc3 e6 4. g3 d5 5. cxd5 Nxd5 6. d4 Nc6 7. Bg2 Be7 8. O-O Nxc3 9. bxc3 O-O 10. Rb1 Qc7 11. Bf4 Bd6 12. Bxd6 Qxd6 13. Qa4 cxd4 14. Nxd4 Nxd4 15. cxd4 Rd8 16. e3 Qe7 17. Qb4 Qxb4 18. Rxb4 Rb8 19. Rc1 b5 20. a4 Bd7 21. axb5 Rxb5 22. Rxb5 Bxb5 23. Rc7 a5 24. Ra7 a4 25. Bf1 Be8 26. Be2 Rc8 27. Kg2 Kf8 28. h4 Rc2 29. Bf3 h6 30. g4 g5 31. h5 Rc3 32. Kg3 a3 33. d5 Bb5 34. dxe6 fxe6 35. Be4 Bc4 36. Bb1 Rc1 37. Rxa3 Rxb1 38. f4 Rb5 39. Ra7 Kg8 40. Re7 Bd5 41. Kf2 Rb2+ 42. Kg3 Rg2+ 43. Kh3 Re2 44. fxg5 hxg5 45. h6 Rxe3+ 46. Kh2 Kh8 47. Rg7 Re4 48. Kg3 Re3+ 49. Kh2 Re2+ 50. Kg3 Re1 51. Rxg5 Kh7 52. Rh5 Rg1+ 53. Kf4 Rf1+ 54. Kg3 Rf3+ 55. Kh2 Rf6 56. g5 Rf8 57. Rh3 Kg6 58. Rg3 Rf2+ 59. Kh3 Rf1 60. Kg4 Rh1 61. Rh3 Rg1+ 62. Kf4 Kh7 63. Rg3 Rf1+ 64. Ke5 Rf5+ 65. Kd6 Kg6 66. Ke7 Rf7+ 67. Kd6 Rh7 68. Ke5 Ra7 69. Rh3 Rd7 70. Rg3 Rh7 71. Kd6 Rh8 72. Ke5 Rf8 73. Kd6 Ba2 74. Ke7 Rf7+ 75. Kd6 Rh7 76. Ke5 Ra7 77. Rh3 Rb7 78. Kd6 Rf7 79. Ke5 Kh7 80. Rg3 Rf8 81. Kd6 Bd5 82. Ke5 Rg8 83. Kf6 Rf8+ 84. Ke5 Ba2 85. Kd6 Rg8 86. Ke5 Rh8 87. Kf6 Rf8+ 88. Ke5 Rf5+ 89. Kd6 Kg6 90. Rh3 Rf7 91. Rg3 Rh7 92. Ke5 Bc4 93. Kd6 Ra7 94. Ke5 Ra5+ 95. Kd6 Rd5+ 96. Ke7 Rd1 97. Rh3 Ra1 98. Rg3 Ra7+ 99. Kd6 Ba2 100. Ke5 Rb7 101. Kd6 Rb1 102. Ke5 Rh1 103. Kd6 Bd5 104. Ke5 Rh4 105. Kd6 Kh7 106. Ke5 1/2-1/2


[Site "https://www.chess.com"]

[Event "Titled Tuesday Blitz May 23 Late 2023"]
[White "Wadsworth, Matthew J"]
[Black "Gokerkan, Cem Kaan"]
[WhiteFideId "415804"]
[BlackFideId "6336760"]
[WhiteElo "2347"]
[BlackElo "2365"]
[Result "1-0"]
[Round "06"]
[TimeControl "180+2"]
[Date "2023.05.23"]
[WhiteClock "0:00:06"]
[BlackClock "0:00:00"]

1. c4 e6 2. g3 d5 3. Bg2 Nf6 4. Nf3 Be7 5. O-O O-O 6. b3 b6 7. d4 Bb7 8. Nc3 Nbd7 9. Bb2 c5 10. Ne1 Ne4 11. cxd5 exd5 12. dxc5 Ndxc5 13. Nd3 Bf6 14. Nxe4 Bxb2 15. Nexc5 Bxa1 16. Nxb7 Qc7 17. Qxa1 Qxb7 18. Nf4 Rad8 19. Rd1 Rfe8 20. Bxd5 Qa6 21. Bc4 Rxd1+ 22. Qxd1 Qxa2 23. Qd7 Qb1+ 24. Kg2 Qe4+ 25. f3 Qe7 26. Qxe7 Rxe7 27. e4 Rd7 28. Nd5 Kf8 29. b4 a5 30. b5 a4 31. Kf2 a3 32. Ke3 Rd6 33. Kd3 g5 34. h4 gxh4 35. gxh4 Rh6 36. Kc3 Ke8 37. Kb3 Rxh4 38. Nxb6 Rh3 39. Kxa3 Rxf3+ 40. Kb4 h5 41. Nd5 Kd7 42. b6 Kc6 43. Bb5+ Kb7 44. Kc5 h4 45. Bc6+ Kb8 46. Nb4 Rb3 47. b7 h3 48. Na6+ Ka7 49. b8=Q+ Rxb8 50. Nxb8 Kxb8 51. e5 Kc7 52. Kd5 h2 53. Kc5 Kc8 54. Kd6 Kd8 55. Bh1 Ke8 56. Bg2 Kd8 57. Bc6 1-0


[Site "https://www.chess.com"]

[Event "Titled Tuesday Blitz May 23 Late 2023"]
[White "Hasangatin, Ramil"]
[Black "Filipascu"]
[WhiteFideId "4122160"]
[WhiteElo "2279"]
[BlackElo "2578"]
[Result "0-1"]
[Round "06"]
[TimeControl "180+2"]
[Date "2023.05.23"]
[WhiteClock "0:00:00"]
[BlackClock "0:01:26"]

1. e4 c5 2. Nf3 d6 3. d4 cxd4 4. Qxd4 Nf6 5. e5 Nc6 6. Bb5 Qa5+ 7. Nc3 Qxb5 8. Nxb5 Nxd4 9. Nfxd4 dxe5 10. Nc7+ Kd7 11. Nxa8 exd4 12. Bf4 e5 13. Bxe5 Bd6 14. Bxd4 Kc6 15. O-O-O Be6 16. Rd3 Rxa8 17. Rc3+ Kd7 18. Rd1 Ke7 19. Bc5 Bxc5 20. Rxc5 Rc8 21. Rxc8 Bxc8 22. Kd2 Be6 23. f3 Kd6 24. Ke3+ Kc5 25. a3 Nd5+ 26. Kf2 a5 27. h4 h5 28. g3 g6 29. Ke2 a4 30. Kd2 Bf5 31. Re1 Be6 32. Re4 b5 33. Re1 Nb6 34. Kc3 Nd5+ 35. Kd2 Ne7 36. Re5+ Nd5 37. Re4 Kc6 38. c4 bxc4 39. Rxc4+ Kb5 40. Rc1 Ne7 41. Ke3 Nd5+ 42. Kd4 Ne7 43. Ke5 Nf5 44. Kf4 Nd4 45. Rc7 Ne2+ 46. Ke5 Nxg3 47. Rb7+ Ka6 48. Rb4 Bb3 49. Kf6 Nf5 0-1


[Site "https://www.chess.com"]

[Event "Titled Tuesday Blitz May 23 Late 2023"]
[White "Tatarinov, Dmitry"]
[Black "Bach, Matthias"]
[WhiteFideId "24160067"]
[BlackFideId "4603168"]
[WhiteElo "2326"]
[BlackElo "2130"]
[Result "1-0"]
[Round "06"]
[TimeControl "180+2"]
[Date "2023.05.23"]
[WhiteClock "0:01:33"]
[BlackClock "0:00:55"]

1. c4 Nf6 2. Nf3 e6 3. g3 d5 4. Bg2 c5 5. O-O Nc6 6. b3 Be7 7. Bb2 d4 8. e3 e5 9. exd4 exd4 10. Re1 O-O 11. a3 a5 12. d3 Bg4 13. h3 Bh5 14. g4 Bg6 15. Nh4 Nd7 16. Nxg6 hxg6 17. Nd2 Bh4 18. Nf3 f5 19. gxf5 Rxf5 20. Re4 Bf6 21. Qe2 Nde5 22. Nxe5 Nxe5 23. Re1 Qd6 24. Bc1 Rf8 25. Bf4 Rxf4 26. Rxf4 Nxd3 27. Bd5+ Kh7 28. Rf5 Nf4 29. Rxf4 Qxf4 30. Qe4 Qd2 31. Re2 Qd1+ 32. Kg2 Qxb3 33. Qg4 Qd3 34. Be4 1-0


[Site "https://www.chess.com"]

[Event "Titled Tuesday Blitz May 23 Late 2023"]
[White "Guerra Tulcan, Lenin"]
[Black "Williams, Simon K"]
[WhiteFideId "3601382"]
[BlackFideId "404454"]
[WhiteElo "2368"]
[BlackElo "2468"]
[Result "0-1"]
[Round "06"]
[TimeControl "180+2"]
[Date "2023.05.23"]
[WhiteClock "0:00:03"]
[BlackClock "0:00:37"]

1. e4 g6 2. d4 Bg7 3. Nf3 d6 4. Nc3 a6 5. a4 b6 6. Be2 e6 7. O-O Ne7 8. Re1 Bb7 9. Bf1 O-O 10. Bg5 h6 11. Be3 Nd7 12. Qd2 Kh7 13. Rad1 Nf6 14. Bf4 Nh5 15. h3 Nxf4 16. Qxf4 g5 17. Qe3 Ng6 18. e5 Bxf3 19. Qxf3 dxe5 20. dxe5 Qe7 21. Bd3 Kg8 22. Bxg6 fxg6 23. Qc6 Rad8 24. Qc4 Rxd1 25. Nxd1 Qc5 26. Qxc5 bxc5 27. b3 Rd8 28. Kf1 Rd2 29. Ne3 Kf7 30. Re2 Rxe2 31. Kxe2 Bxe5 32. Nc4 Bd4 33. f3 Kf6 34. g4 Ke7 35. Kd3 Kd7 36. Nd2 Kc6 37. Kc4 Kd6 38. c3 Be3 39. Ne4+ Ke5 40. b4 cxb4 41. cxb4 Kf4 42. b5 axb5+ 43. Kxb5 Ba7 44. Nc5 e5 45. Ne6+ Kxf3 46. Nxc7 e4 47. Ka6 e3 0-1


[Site "https://www.chess.com"]

[Event "Titled Tuesday Blitz May 23 Late 2023"]
[White "Fridman, Daniel"]
[Black "Filgueira, Hernan"]
[WhiteFideId "11600454"]
[BlackFideId "101770"]
[WhiteElo "2525"]
[BlackElo "2363"]
[Result "0-1"]
[Round "06"]
[TimeControl "180+2"]
[Date "2023.05.23"]
[WhiteClock "0:00:00"]
[BlackClock "0:00:08"]

1. d4 d5 2. Nf3 e6 3. c4 c6 4. g3 Nf6 5. Bg2 Bb4+ 6. Bd2 Be7 7. O-O O-O 8. Qb3 Nbd7 9. Rc1 Ne4 10. Be3 f5 11. Nc3 Kh8 12. Bf4 g5 13. Be5+ Kg8 14. cxd5 exd5 15. Bc7 Qe8 16. Ne5 Nxe5 17. Bxe5 Qf7 18. f3 Nd2 19. Qc2 Nc4 20. f4 Nxe5 21. dxe5 gxf4 22. gxf4 Kh8 23. e3 Rg8 24. Qf2 Be6 25. Ne2 Rg4 26. Kh1 Bh4 27. Qf3 Rag8 28. Bh3 R4g7 29. Nd4 Bc8 30. b4 a6 31. Rg1 Be7 32. a3 a5 33. Rxg7 Rxg7 34. bxa5 c5 35. Nb5 Bd7 36. Nc7 Bc6 37. e6 Qf6 38. Re1 d4 39. Nd5 Qxe6 40. e4 Bxd5 41. Bxf5 Qf7 42. exd5 Qxf5 43. d6 Bxd6 44. Re8+ Rg8 45. Rxg8+ Kxg8 46. Qxb7 Qb1+ 47. Kg2 Qc2+ 48. Kf3 Qd3+ 49. Kg4 Qg6+ 50. Kf3 Qh5+ 51. Ke4 Qe8+ 52. Kd5 Bf8 53. a6 d3 54. Kc4 d2 55. Qd5+ Qf7 56. Qxf7+ Kxf7 57. a7 d1=Q 58. a8=Q Qd4+ 59. Kb5 Qb2+ 60. Kc4 Qc2+ 61. Kb5 Qb3+ 0-1


[Site "https://www.chess.com"]

[Event "Titled Tuesday Blitz May 23 Late 2023"]
[White "Kiremitciyan, Ari"]
[Black "Licznerski, Lukasz"]
[WhiteFideId "6373445"]
[BlackFideId "1179250"]
[WhiteElo "2181"]
[BlackElo "2453"]
[Result "0-1"]
[Round "06"]
[TimeControl "180+2"]
[Date "2023.05.23"]
[WhiteClock "0:00:00"]
[BlackClock "0:00:06"]

1. e4 c6 2. d4 d5 3. exd5 cxd5 4. Bd3 Nc6 5. c3 Nf6 6. Bf4 Bg4 7. Qb3 Qc8 8. Nd2 e6 9. Ngf3 Be7 10. O-O Bh5 11. Rae1 Bg6 12. Be2 O-O 13. Nh4 Bh5 14. Nhf3 a6 15. Qd1 b5 16. a3 Qb7 17. h3 Rfc8 18. g4 Bg6 19. Nh4 a5 20. Nxg6 hxg6 21. Be3 b4 22. cxb4 axb4 23. a4 b3 24. Bb5 Na7 25. Qxb3 Nxb5 26. axb5 Ra5 27. Rc1 Rxc1 28. Rxc1 Rxb5 29. Rc8+ Kh7 30. Nf3 Ne4 31. Qc2 Rxb2 32. Rc7 Qb6 33. Qc6 Qxc6 34. Rxc6 Rb7 35. Ne5 Bf6 36. Nd3 g5 37. Nc5 Nxc5 38. Rxc5 Rb4 39. Rc7 Kg6 40. Rc8 Bxd4 0-1


[Site "https://www.chess.com"]

[Event "Titled Tuesday Blitz May 23 Late 2023"]
[White "Veiga, Jose Francisco R P Neves"]
[Black "Mahdavi, Reza"]
[WhiteFideId "1930087"]
[BlackFideId "12595926"]
[WhiteElo "2320"]
[BlackElo "2352"]
[Result "0-1"]
[Round "06"]
[TimeControl "180+2"]
[Date "2023.05.23"]
[WhiteClock "0:00:11"]
[BlackClock "0:00:17"]

1. e4 c5 2. Nf3 d6 3. d4 cxd4 4. Nxd4 Nf6 5. Nc3 g6 6. Be3 Bg7 7. f3 O-O 8. Qd2 Nc6 9. O-O-O d5 10. Qe1 e5 11. Nxc6 bxc6 12. exd5 Nxd5 13. Bc4 Be6 14. Ne4 Re8 15. Bc5 Qc7 16. h4 h6 17. g4 Red8 18. h5 f5 19. Ng3 f4 20. Ne4 g5 21. Nc3 Qf7 22. Bb3 Nxc3 23. Qxc3 e4 24. Rxd8+ Rxd8 25. Qa5 Rd7 26. fxe4 f3 27. Rf1 Kh7 28. Qe1 Qf4+ 29. Qe3 Qxe3+ 30. Bxe3 Bxg4 31. Rh1 Re7 32. Kd2 Rxe4 33. Bxa7 Re2+ 34. Kd3 Bf5+ 35. Kc4 g4 36. a4 g3 37. a5 f2 38. Rf1 Bh3 39. Rb1 f1=Q 40. Rxf1 Bxf1 41. Kc5 g2 42. Kxc6 Rd2 43. a6 Bxa6 44. Be3 Re2 45. Bc5 Re5 46. Ba7 Rg5 47. Bg1 Rxh5 48. Bd5 Bb7+ 49. Kxb7 Rxd5 50. c4 Rd1 51. Be3 Bd4 52. Bxd4 Rxd4 53. c5 g1=Q 54. c6 Rb4+ 0-1


[Site "https://www.chess.com"]

[Event "Titled Tuesday Blitz May 23 Late 2023"]
[White "Danielyan, Vahe"]
[Black "Quispe Arteaga, Gabriel"]
[WhiteFideId "13304828"]
[BlackFideId "32059809"]
[WhiteElo "2423"]
[BlackElo "2274"]
[Result "0-1"]
[Round "06"]
[TimeControl "180+2"]
[Date "2023.05.23"]
[WhiteClock "0:01:12"]
[BlackClock "0:00:15"]

1. e4 c5 2. g3 g6 3. Bg2 Bg7 4. Ne2 Nc6 5. O-O d6 6. c3 Nf6 7. d4 O-O 8. h3 cxd4 9. cxd4 e5 10. d5 Ne7 11. Nbc3 Bd7 12. Be3 a6 13. Qb3 b5 14. Rac1 h6 15. f4 exf4 16. gxf4 Nh5 17. Nd4 Rc8 18. Nce2 Kh7 19. Rxc8 Nxc8 20. Rc1 Nb6 21. Nc6 Bxc6 22. dxc6 Nc4 23. Rxc4 bxc4 24. Qxc4 Qc7 25. Nc3 Rc8 26. e5 dxe5 27. Nd5 Qxc6 28. Nf6+ Qxf6 29. Qxc8 exf4 30. Bc5 f3 31. Bf1 Qxb2 32. Qg4 Qxa2 33. Qxf3 Qe6 34. Bf2 a5 35. Bd3 Nf6 36. Kg2 Qd5 37. Qxd5 Nxd5 38. Bc4 Nf4+ 39. Kg3 Ne6 40. Bb3 Be5+ 41. Kf3 Kg7 42. Ke4 Bc3 43. h4 Bb4 44. Bg3 Nc5+ 0-1


[Site "https://www.chess.com"]

[Event "Titled Tuesday Blitz May 23 Late 2023"]
[White "Adewumi, Tanitoluwa"]
[Black "Panesar Vedant"]
[WhiteFideId "30966396"]
[BlackFideId "35033018"]
[WhiteElo "2572"]
[BlackElo "2347"]
[Result "0-1"]
[Round "06"]
[TimeControl "180+2"]
[Date "2023.05.23"]
[WhiteClock "0:00:01"]
[BlackClock "0:00:21"]

1. e4 e5 2. Nf3 Nc6 3. Bc4 Nf6 4. d3 Bc5 5. O-O a6 6. a4 d6 7. h3 h6 8. Re1 g5 9. Be3 g4 10. hxg4 Bxg4 11. Bxc5 dxc5 12. c3 Qe7 13. Nbd2 Rg8 14. Nf1 O-O-O 15. Ne3 h5 16. a5 h4 17. Kh1 h3 18. g3 Bh5 19. Nf5 Qf8 20. Qe2 Ng4 21. N3h4 Ne7 22. Qf3 Kb8 23. Nxe7 Qxe7 24. Nf5 Qf6 25. Qe2 Rh8 26. Rab1 Nh2 27. Qe3 Nf3 28. Rf1 Bg4 29. b4 Bxf5 30. Qxf3 cxb4 31. exf5 e4 32. Qxe4 Rhe8 33. Qf3 Qxc3 34. Rb3 Qd2 35. Rfb1 Re1+ 36. Rxe1 Qxe1+ 37. Kh2 Re8 38. f6 Re2 39. Kxh3 Rxf2 40. Qe4 Qf1+ 41. Kg4 Qd1+ 42. Kg5 Qd2+ 43. Kh5 Rh2+ 44. Kg4 Qd1+ 45. Qf3 Qe1 46. Qe4 Re2 47. Qf3 Re3 48. Qf4 Qe2+ 49. Kh4 Re5 50. g4 Qe1+ 51. Qg3 Qh1+ 52. Qh3 Qe1+ 53. Qg3 Qh1+ 54. Qh3 Qc6 55. Rxb4 Qxf6+ 56. g5 Qxg5# 0-1


[Site "https://www.chess.com"]

[Event "Titled Tuesday Blitz May 23 Late 2023"]
[White "Sieciechowicz, Marcin"]
[Black "ArtemDyachuk"]
[WhiteFideId "1130170"]
[WhiteElo "2302"]
[BlackElo "2571"]
[Result "1-0"]
[Round "06"]
[TimeControl "180+2"]
[Date "2023.05.23"]
[WhiteClock "0:00:14"]
[BlackClock "0:00:00"]

1. d4 Nf6 2. c4 e6 3. Nc3 Bb4 4. Qc2 c5 5. dxc5 Bxc5 6. Nf3 O-O 7. g3 b6 8. Bg2 Bb7 9. O-O Nc6 10. a3 d5 11. cxd5 exd5 12. Bg5 Be7 13. Rfd1 d4 14. Nb5 Rc8 15. Qa4 Ne4 16. Bxe7 Qxe7 17. Nbxd4 Nxd4 18. Rxd4 Nc5 19. Qd1 Rfd8 20. e3 Qf6 21. Rc1 Ne6 22. Rxd8+ Rxd8 23. Qe2 Re8 24. b4 Bxf3 25. Qxf3 Qb2 26. Qc6 Rd8 27. b5 Qxa3 28. h4 Nc5 29. Rf1 h6 30. Qc7 Ne6 31. Qb7 Qc5 32. Bc6 Qa3 33. Bd5 Re8 34. Qc6 Re7 35. Qc8+ Kh7 36. Be4+ g6 37. h5 Kg7 38. hxg6 fxg6 39. Bd5 Nc5 40. Qg8+ Kf6 41. Qf8+ Ke5 42. Qxe7+ Kxd5 43. Qf7+ Ke4 44. Qxg6+ Ke5 45. Qxh6 Ne4 46. Qf4+ Kd5 47. Qf5+ 1-0


[Site "https://www.chess.com"]

[Event "Titled Tuesday Blitz May 23 Late 2023"]
[White "Potapova, Margarita"]
[Black "Rozman, Levy"]
[WhiteFideId "14126869"]
[BlackFideId "2039877"]
[WhiteElo "2244"]
[BlackElo "2376"]
[Result "1-0"]
[Round "06"]
[TimeControl "180+2"]
[Date "2023.05.23"]
[WhiteClock "0:00:31"]
[BlackClock "0:00:01"]

1. d4 d5 2. c4 e6 3. Nc3 a6 4. cxd5 exd5 5. Nf3 Nf6 6. Bg5 c6 7. Bxf6 Qxf6 8. e3 Bd6 9. Be2 O-O 10. O-O Re8 11. h3 Bf5 12. Bd3 Nd7 13. Re1 Re7 14. Qc2 Bxd3 15. Qxd3 Rae8 16. a3 g6 17. Nd2 Qh4 18. Nf3 Qh5 19. b4 f5 20. Rab1 b5 21. a4 Nb6 22. Nd2 Nc4 23. Nxc4 dxc4 24. Qd2 f4 25. e4 f3 26. e5 fxg2 27. Kxg2 Bc7 28. Ne4 Bxe5 29. dxe5 Qxe5 30. axb5 axb5 31. Re3 Qf5 32. f3 Re6 33. Rbe1 Kg7 34. R1e2 Qe5 35. h4 Qf4 36. Qd7+ R8e7 37. Qd4+ Kh6 38. Re1 Ra7 39. Qxa7 Qe5 40. Nf2 Qd4 41. Qxd4 1-0


[Site "https://www.chess.com"]

[Event "Titled Tuesday Blitz May 23 Late 2023"]
[White "Chylewski, Patryk"]
[Black "Sethuraman, S.P."]
[WhiteFideId "1186191"]
[BlackFideId "5021596"]
[WhiteElo "2163"]
[BlackElo "2543"]
[Result "0-1"]
[Round "06"]
[TimeControl "180+2"]
[Date "2023.05.23"]
[WhiteClock "0:00:01"]
[BlackClock "0:00:12"]

1. e4 a6 2. d4 d6 3. Be3 g6 4. Nc3 Bg7 5. a4 Nf6 6. h3 O-O 7. g4 e5 8. Bg2 Nc6 9. Nge2 Bd7 10. O-O h5 11. g5 Nh7 12. h4 f6 13. d5 Ne7 14. Qd2 fxg5 15. hxg5 Qc8 16. Kh2 Rf7 17. Ng1 Nf8 18. Bh3 Bxh3 19. Nxh3 Nd7 20. a5 Qf8 21. Qe2 Rc8 22. f3 c6 23. Rad1 cxd5 24. Nxd5 Nxd5 25. Rxd5 Qe7 26. c3 Qe6 27. Rfd1 Bf8 28. Qg2 Be7 29. Ng1 Nf8 30. Qh3 Qxh3+ 31. Kxh3 Ne6 32. Kg2 Rcf8 33. Rf1 Rd8 34. Nh3 Kg7 35. Rfd1 Re8 36. R1d3 Ref8 37. Bc1 Nc5 38. Re3 Ne6 39. Red3 Rc8 40. Be3 Kf8 41. Rd1 Ke8 42. R1d2 Rc6 43. Rd1 Nc7 44. R5d3 Kd7 45. R1d2 Ne6 46. Rd1 Rc8 47. Rd5 Kc6 48. R5d3 Rcf8 49. Rf1 Nc7 50. Rd2 Ne6 51. Rd3 h4 52. Rd2 Bd8 53. b4 Be7 54. c4 Rc8 55. Rb2 Kd7 56. Rc2 Ke8 57. Rd1 Bf8 58. Rdd2 Rfc7 59. c5 dxc5 60. Rd5 cxb4 61. Rxc7 Rxc7 62. Rxe5 Kf7 63. f4 b3 64. f5 Nc5 65. fxg6+ Kg8 66. Bxc5 Rxc5 67. Rf5 b2 68. Rxc5 0-1


[Site "https://www.chess.com"]